TOP OF THE 1ST |
---|
South Florida Bulls batting - Pitching for Michigan State Spartans : LHP Anastasio Cintrón | Pitching: LHP Anastasio Cintrón | | Batting: LHB Roland Nelson | 0-0: Ball 1-0: SINGLE (Line Drive, 9S) | Batting: RHB Brian Jones | 0-0: Ball Roland Nelson is caught stealing 2nd base 1-0: Called Strike 1-1: Ball 2-1: Foul Ball, location: 2F 2-2: Strikes out swinging | Batting: LHB Don Glassman | 0-0: Foul Ball, location: 2F 0-1: Called Strike 0-2: Strikes out swinging | Top of the 1st over - 0 runs, 1 hit, 0 errors, 0 left on base; South Florida 0 - Michigan State 0 | BOTTOM OF THE 1ST |
---|
Michigan State Spartans batting - Pitching for South Florida Bulls : RHP Manuel Escamilla | Pitching: RHP Manuel Escamilla | | Batting: RHB Chris Marshall | 0-0: Ball 1-0: Swinging Strike 1-1: Ball 2-1: Foul Ball, location: 2F 2-2: Strikes out swinging | Batting: LHB Carlos Anaya | 0-0: Ball 1-0: Ball 2-0: Called Strike 2-1: Ball 3-1: Base on Balls | Batting: LHB Chris Gibson | 0-0: Ball 1-0: Fly out, F4 (Line Drive, 4) | Batting: LHB Norberto Garza | 0-0: Called Strike 0-1: Ball 1-1: Foul Ball, location: 2F 1-2: Foul Ball, location: 2F 1-2: Foul Ball, location: 2F 1-2: Foul Ball, location: 2F 1-2: Ball 2-2: Ground out 4-3 (Groundball, 4M) | Bottom of the 1st over - 0 runs, 0 hits, 0 errors, 1 left on base; South Florida 0 - Michigan State 0 | TOP OF THE 2ND |
---|
South Florida Bulls batting - Pitching for Michigan State Spartans : LHP Anastasio Cintrón | Batting: RHB Ronnie Rogers | 0-0: DOUBLE (Line Drive, 7LM) | Batting: RHB Cisco Velasco | 0-0: Swinging Strike 0-1: Called Strike 0-2: Strikes out swinging | Batting: RHB Jordan Ashby | 0-0: Called Strike 0-1: Ball 1-1: Fly out, F6 (Popup, 56D) | Batting: RHB Keith Olson | 0-0: Swinging Strike 0-1: Ball 1-1: Swinging Strike 1-2: Strikes out swinging | Top of the 2nd over - 0 runs, 1 hit, 0 errors, 1 left on base; South Florida 0 - Michigan State 0 | BOTTOM OF THE 2ND |
---|
Michigan State Spartans batting - Pitching for South Florida Bulls : RHP Manuel Escamilla | Batting: RHB Bob Watson | 0-0: Called Strike 0-1: Fly out, F7 (Flyball, 78S) | Batting: LHB Larry Estes | 0-0: Ball 1-0: Foul Ball, location: 2F 1-1: SINGLE (Groundball, 34D) | Batting: RHB Walt Owens | 0-0: Ball 1-0: Ball 2-0: Grounds into double play, 4-6-3 (Groundball, 4) | Bottom of the 2nd over - 0 runs, 1 hit, 0 errors, 0 left on base; South Florida 0 - Michigan State 0 | TOP OF THE 3RD |
---|
South Florida Bulls batting - Pitching for Michigan State Spartans : LHP Anastasio Cintrón | Batting: RHB Jon Hinton | 0-0: Called Strike 0-1: Foul Ball, location: 2F 0-2: Ball 1-2: Fly out, F9 (Line Drive, 9S) | Batting: LHB Ramiro Valdés | 0-0: Ball 1-0: Called Strike 1-1: Ball 2-1: Called Strike 2-2: Ball 3-2: Foul Ball, location: 2F 3-2: Base on Balls | Batting: LHB Roland Nelson | 0-0: Ball 1-0: SINGLE (Groundball, 34D) Ramiro Valdés to second Runner from 2nd tries for 3rd, OUT! Roland Nelson to second | Batting: RHB Brian Jones | 0-0: Called Strike 0-1: Ball 1-1: 2-RUN HOME RUN (Flyball, 7LD), Distance : 330 ft | Batting: LHB Don Glassman | 0-0: Fly out, F4 (Popup, 4) | Top of the 3rd over - 2 runs, 2 hits, 0 errors, 0 left on base; South Florida 2 - Michigan State 0 | BOTTOM OF THE 3RD |
---|
Michigan State Spartans batting - Pitching for South Florida Bulls : RHP Manuel Escamilla | Batting: SHB John Cunningham | 0-0: Foul Ball, location: 2F 0-1: Ball 1-1: Ground out U3 (Groundball, 3L) | Batting: LHB Culley Knapp | 0-0: Ball 1-0: Fly out, F8 (Flyball, 89D) | Batting: RHB Chris Marshall | 0-0: Foul Ball, location: 2F 0-1: Ball 1-1: Ground out 4-3 (Groundball, 4) | Bottom of the 3rd over - 0 runs, 0 hits, 0 errors, 0 left on base; South Florida 2 - Michigan State 0 | TOP OF THE 4TH |
---|
South Florida Bulls batting - Pitching for Michigan State Spartans : LHP Anastasio Cintrón | Batting: RHB Ronnie Rogers | 0-0: Ball 1-0: Fly out, F6 (Popup, 56D) | Batting: RHB Cisco Velasco | 0-0: Called Strike 0-1: Foul Ball, location: 2F 0-2: Strikes out looking | Batting: RHB Jordan Ashby | 0-0: Ball 1-0: SINGLE (Groundball, 6S) (infield hit) | Batting: RHB Keith Olson | 0-0: Foul Ball, location: 2F 0-1: SINGLE (Line Drive, 78S) Jordan Ashby to second | Batting: RHB Jon Hinton | 0-0: Foul Ball, location: 2F 0-1: Foul Ball, location: 2F 0-2: Ball 1-2: SINGLE (Groundball, 4MD) Jordan Ashby to third Keith Olson to second Runner from 3rd tries for Home, SAFE, throw made home | Batting: LHB Ramiro Valdés | 0-0: Called Strike 0-1: Foul Ball, location: 2F 0-2: Ball 1-2: DOUBLE (Line Drive, 7LM) Keith Olson scores Jon Hinton to third Runner from 3rd tries for Home, SAFE, no throw | Batting: LHB Roland Nelson | 0-0: Foul Ball, location: 2F 0-1: Foul Ball, location: 2F 0-2: Fly out, F8 (Flyball, 8RS) | Top of the 4th over - 3 runs, 4 hits, 0 errors, 1 left on base; South Florida 5 - Michigan State 0 | BOTTOM OF THE 4TH |
---|
Michigan State Spartans batting - Pitching for South Florida Bulls : RHP Manuel Escamilla | Batting: LHB Carlos Anaya | 0-0: Ball 1-0: Called Strike 1-1: Ball 2-1: Ball 3-1: Base on Balls | Batting: LHB Chris Gibson | 0-0: Fly out, F7 (Flyball, 7LD) | Batting: LHB Norberto Garza | 0-0: Called Strike 0-1: Ball 1-1: Ball 2-1: Called Strike 2-2: Ball 3-2: Base on Balls Carlos Anaya to second | Batting: RHB Bob Watson | 0-0: Ball 1-0: Ball 2-0: Foul Ball, location: 2F 2-1: Ball 3-1: Called Strike 3-2: Fly out, F9 (Flyball, 9) | Batting: LHB Larry Estes | 0-0: Ball 1-0: SINGLE (Groundball, 4MD) Carlos Anaya to third Norberto Garza to second Runner from 3rd tries for Home, SAFE, throw made home | Batting: RHB Walt Owens | 0-0: Ball 1-0: Fielders Choice at 2nd, 6-4 (Groundball, 6) | Bottom of the 4th over - 1 run, 1 hit, 0 errors, 2 left on base; South Florida 5 - Michigan State 1 | TOP OF THE 5TH |
---|
South Florida Bulls batting - Pitching for Michigan State Spartans : LHP Anastasio Cintrón | Batting: RHB Brian Jones | 0-0: Called Strike 0-1: Foul Ball, location: 2F 0-2: Ball 1-2: Strikes out looking | Batting: LHB Don Glassman | 0-0: Foul Ball, location: 2F 0-1: Swinging Strike 0-2: Strikes out swinging | Batting: RHB Ronnie Rogers | 0-0: Foul Ball, location: 2F 0-1: Fly out, F7 (Flyball, 78D) | Top of the 5th over - 0 runs, 0 hits, 0 errors, 0 left on base; South Florida 5 - Michigan State 1 | BOTTOM OF THE 5TH |
---|
Michigan State Spartans batting - Pitching for South Florida Bulls : RHP Manuel Escamilla | Batting: SHB John Cunningham | 0-0: Ball 1-0: Ball 2-0: Called Strike 2-1: Ball 3-1: Foul Ball, location: 2F 3-2: Base on Balls | Batting: LHB Culley Knapp | 0-0: Fly out, F9 (Flyball, 9S) | Batting: RHB Chris Marshall | 0-0: Ball 1-0: Ball 2-0: Foul Ball, location: 2F 2-1: Fly out, F8 (Flyball, 8RM) | Batting: LHB Carlos Anaya | 0-0: Ball 1-0: Foul Ball, location: 2F 1-1: Swinging Strike 1-2: Ball 2-2: Fly out, F6 (Line Drive, 56D) | Bottom of the 5th over - 0 runs, 0 hits, 0 errors, 1 left on base; South Florida 5 - Michigan State 1 | TOP OF THE 6TH |
---|
South Florida Bulls batting - Pitching for Michigan State Spartans : LHP Anastasio Cintrón | Batting: RHB Cisco Velasco | 0-0: Called Strike 0-1: Fly out, F3 (Line Drive, 3) | Batting: RHB Jordan Ashby | 0-0: Called Strike 0-1: Foul Ball, location: 2F 0-2: Ground out 5-3 (Groundball, 56) | Batting: RHB Keith Olson | 0-0: Ball 1-0: Called Strike 1-1: Called Strike 1-2: Fly out, F8 (Flyball, 8LS) | Top of the 6th over - 0 runs, 0 hits, 0 errors, 0 left on base; South Florida 5 - Michigan State 1 | BOTTOM OF THE 6TH |
---|
Michigan State Spartans batting - Pitching for South Florida Bulls : RHP Manuel Escamilla | Batting: LHB Chris Gibson | 0-0: Fly out, F8 (Line Drive, 8LM) | Batting: LHB Norberto Garza | 0-0: Ball 1-0: Called Strike 1-1: Swinging Strike 1-2: Ground out 4-3 (Groundball, 4) | Batting: RHB Bob Watson | 0-0: Ball 1-0: Called Strike 1-1: Ball 2-1: SOLO HOME RUN (Flyball, 7LD), Distance : 336 ft | Batting: LHB Larry Estes | 0-0: Ball 1-0: Called Strike 1-1: Called Strike 1-2: Strikes out swinging | Bottom of the 6th over - 1 run, 1 hit, 0 errors, 0 left on base; South Florida 5 - Michigan State 2 | TOP OF THE 7TH |
---|
South Florida Bulls batting - Pitching for Michigan State Spartans : LHP Anastasio Cintrón | Batting: RHB Jon Hinton | 0-0: Ball 1-0: Ball 2-0: Ground out U3 (Groundball, 3L) | Batting: LHB Ramiro Valdés | 0-0: Ball 1-0: Called Strike 1-1: Swinging Strike 1-2: Ground out 1-3 (Groundball, 15) | Batting: LHB Roland Nelson | 0-0: Ball 1-0: Foul Ball, location: 2F 1-1: Ball 2-1: Foul Ball, location: 2F 2-2: Foul Ball, location: 2F 2-2: Foul Ball, location: 2F 2-2: Ball 3-2: Foul Ball, location: 2F 3-2: Foul Ball, location: 2F 3-2: Foul Ball, location: 2F 3-2: Fly out, F3 (Line Drive, 3) | Top of the 7th over - 0 runs, 0 hits, 0 errors, 0 left on base; South Florida 5 - Michigan State 2 | BOTTOM OF THE 7TH |
---|
Michigan State Spartans batting - Pitching for South Florida Bulls : RHP Manuel Escamilla | Pitching: RHP William Jones | | Batting: RHB Walt Owens | 0-0: Ball 1-0: Called Strike 1-1: Ball 2-1: Ball 3-1: Base on Balls | Batting: SHB John Cunningham | 0-0: Ball 1-0: Fielders Choice at 2nd, 4-6 (Groundball, 4M) | Batting: LHB Culley Knapp | 0-0: Ball 1-0: Ball 2-0: Called Strike 2-1: Ball 3-1: Base on Balls John Cunningham to second | Batting: RHB Chris Marshall | 0-0: Ball 1-0: Called Strike 1-1: Foul Ball, location: 2F 1-2: SINGLE (Line Drive, 56D) John Cunningham to third Culley Knapp to second Runner from 3rd tries for Home, throw and OUT! | Batting: LHB Carlos Anaya | 0-0: Swinging Strike 0-1: Called Strike 0-2: Ball 1-2: Foul Ball, location: 2F 1-2: Strikes out looking | Bottom of the 7th over - 0 runs, 1 hit, 0 errors, 2 left on base; South Florida 5 - Michigan State 2 | TOP OF THE 8TH |
---|
South Florida Bulls batting - Pitching for Michigan State Spartans : LHP Anastasio Cintrón | Pitching: RHP Francisco Maldonado | | Batting: RHB Brian Jones | 0-0: Called Strike 0-1: Ball 1-1: SINGLE (Groundball, 56D) | Batting: LHB Don Glassman | 0-0: Ball 1-0: Foul Ball, location: 2F 1-1: Ball 2-1: Foul Ball, location: 2F 2-2: Strikes out swinging | Batting: RHB Ronnie Rogers | 0-0: Ball Brian Jones steals 2nd base 1-0: Intentional Walk | Batting: RHB Cisco Velasco | 0-0: Called Strike 0-1: SINGLE (Flyball, 9LS) Brian Jones to third Ronnie Rogers to second Runner from 3rd tries for Home, SAFE, no throw | Batting: RHB Jordan Ashby | 0-0: Foul Ball, location: 2F 0-1: Ball 1-1: Ball 2-1: Ball 3-1: SINGLE (Line Drive, 6MD) Ronnie Rogers to third Cisco Velasco to second Runner from 3rd tries for Home, SAFE, throw made home | Batting: RHB Keith Olson | 0-0: Ball 1-0: Ball 2-0: Called Strike 2-1: Ball 3-1: Foul Ball, location: 2F 3-2: SINGLE (Groundball, 56S) (infield hit) Cisco Velasco to third Jordan Ashby to second | Batting: RHB Jon Hinton | 0-0: Ball 1-0: Ball 2-0: Called Strike 2-1: Swinging Strike 2-2: Ball 3-2: Base on Balls Cisco Velasco scores Jordan Ashby to third Keith Olson to second | Batting: LHB Ramiro Valdés | 0-0: Ball 1-0: Called Strike 1-1: Fly out, F7 (Flyball, 7) | Batting: LHB Roland Nelson | 0-0: Called Strike 0-1: Ball 1-1: GRAND SLAM HOME RUN (Line Drive, 8LXD), Distance : 409 ft | Batting: RHB Brian Jones | 0-0: Ball 1-0: Ball 2-0: Fly out, F5 (Popup, 5SF) | Top of the 8th over - 7 runs, 5 hits, 0 errors, 0 left on base; South Florida 12 - Michigan State 2 | BOTTOM OF THE 8TH |
---|
Michigan State Spartans batting - Pitching for South Florida Bulls : RHP William Jones | Batting: LHB Chris Gibson | 0-0: Ball 1-0: Ball 2-0: Ball 3-0: Swinging Strike 3-1: Base on Balls | Batting: LHB Norberto Garza | 0-0: Ball 1-0: Ball 2-0: Called Strike 2-1: Foul Ball, location: 2F 2-2: Ball 3-2: Base on Balls Chris Gibson to second | Batting: RHB Bob Watson | 0-0: Ball 1-0: SINGLE (Groundball, 6MD) Chris Gibson to third Norberto Garza to second Runner from 3rd tries for Home, throw and OUT! | Batting: LHB Larry Estes | 0-0: Called Strike 0-1: Called Strike 0-2: Ball 1-2: Ball 2-2: SINGLE (Line Drive, 7S) Norberto Garza to third Bob Watson to second | Batting: RHB Walt Owens | 0-0: Called Strike 0-1: Grounds into double play, 6-4-3 (Groundball, 6) | Bottom of the 8th over - 0 runs, 2 hits, 0 errors, 2 left on base; South Florida 12 - Michigan State 2 | TOP OF THE 9TH |
---|
South Florida Bulls batting - Pitching for Michigan State Spartans : RHP Francisco Maldonado | Batting: LHB Don Glassman | 0-0: Ball 1-0: Ball 2-0: Foul Ball, location: 2F 2-1: Foul Ball, location: 2F 2-2: Ground out 5-3 (Groundball, 56) | Batting: RHB Ronnie Rogers | 0-0: Foul Ball, location: 2F 0-1: SINGLE (Line Drive, 7LS) | Batting: RHB Cisco Velasco | 0-0: Ball 1-0: Ball 2-0: Ball Wild Pitch! Ronnie Rogers to second 3-0: Called Strike 3-1: Base on Balls | Batting: RHB Jordan Ashby | 0-0: Fly out, F9 (Flyball, 89M) | Batting: RHB Keith Olson | 0-0: Swinging Strike 0-1: Called Strike 0-2: Ball 1-2: Strikes out swinging | Top of the 9th over - 0 runs, 1 hit, 0 errors, 2 left on base; South Florida 12 - Michigan State 2 | BOTTOM OF THE 9TH |
---|
Michigan State Spartans batting - Pitching for South Florida Bulls : RHP William Jones | Batting: SHB John Cunningham | 0-0: Ball 1-0: Foul Ball, location: 2F 1-1: Fly out, F8 (Flyball, 8LD) | Batting: LHB Culley Knapp | 0-0: Ball 1-0: Called Strike 1-1: Ground out 6-3 (Groundball, 6) | Batting: RHB Chris Marshall | 0-0: Foul Ball, location: 2F 0-1: Ball 1-1: Ball 2-1: Ball 3-1: Foul Ball, location: 2F 3-2: Foul Ball, location: 2F 3-2: Foul Ball, location: 2F 3-2: SOLO HOME RUN (Flyball, 7D), Distance : 356 ft | Batting: LHB Carlos Anaya | 0-0: Foul Ball, location: 2F 0-1: Foul Ball, location: 2F 0-2: Strikes out swinging | Bottom of the 9th over - 1 run, 1 hit, 0 errors, 0 left on base; South Florida 12 - Michigan State 3 | |